 Dungeon Crawl Stone Soup version 0.28.0 (webtiles) character file.

Game seed: 10726741919131565971

198 Sanktem7 the Chiller (level 5, -2/37 HPs)
             Began as a Gnoll Ice Elementalist on Feb 8, 2022.
             Slain by an ogre (14 damage)
             ... on level 3 of the Dungeon.
             The game lasted 00:06:35 (3543 turns).

Sanktem7 the Chiller (Gnoll Ice Elementalist)       Turns: 3543, Time: 00:06:36

Health: -2/37      AC:  3    Str:  7    XL:     5   Next: 76%
Magic:  12/12      EV: 13    Int: 16    God:
Gold:   108        SH:  0    Dex: 13    Spells: 13/14 levels left

rFire   . . .      SeeInvis .   i - staff of cold
rCold   + . .      Faith    .   (no shield)
rNeg    . . .      Spirit   .   a - +0 robe
rPois   .          Reflect  .   (no helmet)
rElec   .          Harm     .   (no cloak)
rCorr   .          Rampage  .   (no gloves)
Will    .....                   l - +0 pair of boots
Stlth   +++.......              (no amulet)
HPRegen 0.12/turn               (no ring)
MPRegen 0.13/turn               (no ring)

@: no status effects
A: fangs 1, strong nose, distributed training
a: no special abilities


You were on level 3 of the Dungeon.
You visited 1 branch of the dungeon, and saw 4 of its levels.

You collected 108 gold pieces.

Inventory:

Hand Weapons
 n - a +2 dagger of freezing
Armour
 a - a +0 robe (worn)
 l - a +0 pair of boots (worn)
Magical Staves
 i - a staff of cold (weapon)
Scrolls
 b - 3 scrolls of identify {unknown}
 c - a scroll of noise {unknown}
 d - a scroll of silence {unknown}
 e - 2 scrolls of fear {unknown}
 m - a scroll of blinking {unknown}
 p - a scroll of summoning {unknown}
 r - a scroll of fog {unknown}
Potions
 f - a potion of berserk rage {unknown}
 g - a potion of ambrosia {unknown}
 h - a potion of brilliance {unknown}
 j - 3 potions of heal wounds {unknown}
 k - a potion of haste {unknown}
 o - a potion of curing {unknown}
 q - 3 potions of degeneration {unknown}


   Skills:
 + Level 1.6 Fighting
 + Level 1.6 Short Blades
 + Level 1.6 Long Blades
 + Level 1.6 Axes
 + Level 1.6 Maces & Flails
 + Level 1.6 Polearms
 + Level 1.6 Staves
 + Level 1.6 Slings
 + Level 1.6 Bows
 + Level 1.6 Crossbows
 + Level 1.6 Throwing
 + Level 1.6 Armour
 + Level 4.8 Dodging
 + Level 4.4 Stealth
 + Level 1.6 Shields
 + Level 1.6 Unarmed Combat
 + Level 5.2 Spellcasting
 + Level 1.3 Conjurations
 + Level 1.3 Hexes
 + Level 1.3 Summonings
 + Level 1.3 Necromancy
 + Level 1.3 Translocations
 + Level 1.3 Transmutations
 + Level 1.3 Fire Magic
 + Level 7.2 Ice Magic
 + Level 1.3 Air Magic
 + Level 1.3 Earth Magic
 + Level 1.3 Poison Magic
 + Level 1.8 Invocations
 + Level 1.6 Evocations


You had 13 spell levels left.
You knew the following spells:

 Your Spells              Type           Power      Damage    Failure   Level
a - Freeze                Ice            100%       1d11      1%          1

Your spell library contained the following spells:

 Spells                   Type           Power      Damage    Failure   Level
 Frozen Ramparts          Ice            82%        1d10      2%          3
 Ozocubu's Armour         Ice            41%        N/A       2%          3
 Magic Dart               Conj           32%        1d4       9%          1
 Call Imp                 Summ           8%         N/A       13%         2
 Mephitic Cloud           Conj/Pois/Air  8%         N/A       26%         3
 Hailstorm                Conj/Ice       26%        3d7       26%         4


Dungeon Overview and Level Annotations

Branches:
Dungeon (4/15)
 Temple: D:4-7

Altars:
The Shining One

Shops:
D:3 [


Innate Abilities, Weirdness & Mutations

You have very sharp teeth.
Your uncanny sense of smell can sniff out nearby items.
Your experience applies equally to all skills.


Message History

Found a fuming emerald potion and a mace.
Found a stone staircase leading down.
There is a stone staircase leading up here.
Found a robe.
The kobold barely misses you.
Casting: Freeze (safe; 1% risk of failure)
Confirm with . or Enter, or press ? or * to list all spells.
Aiming: Freeze (safe; 1% risk of failure)
Press: ? - help, Shift-Dir - straight line, f - kobold
Aim: a kobold, wielding a +0 club You feel a surge of power!
You freeze the kobold.
You kill the kobold!
The ogre shouts!
There is a stone staircase leading up here.
You climb upwards.
There is a stone staircase leading down here.
There is an entrance to Iqavvah's Armour Shoppe here.
There is an entrance to Iqavvah's Armour Shoppe here.
There is a stone staircase leading up here.
There is a stone staircase leading down here.
You climb downwards.
The ogre hits you with a +0 giant club. The goblin completely misses you.
The ogre misses you.
There is a stone staircase leading up here.
Casting: Freeze (safe; 1% risk of failure)
Confirm with . or Enter, or press ? or * to list all spells.
Aiming: Freeze (safe; 1% risk of failure)
Press: ? - help, Shift-Dir - straight line, f - ogre
Aim: an ogre, wielding a +0 giant club You feel a surge of power!
You freeze the ogre.
The ogre is lightly wounded.
The ogre misses you. The goblin barely misses you.
The ogre hits you with a +0 giant spiked club!!
Ouch! That really hurt!
The ogre misses you. The goblin hits you with a +0 club.
* * * LOW HITPOINT WARNING * * *
You climb upwards.
There is a stone staircase leading down here.
The goblin barely misses you. The ogre closely misses you.
The goblin barely misses you. The ogre closely misses you.
The ogre hits you with a +0 giant spiked club!
You die...

####...## ###### ####.(....#
#..... ###........## ##....
#........### #.... #)...#####
#.... #.##### ### ##### ##.#
#.# #.# #..###.###.#######
####........@.......###
#...........gO#####...###
#.##.###......O...#.#...#####
#.##.# #.....>.....♣♣...♣♣...
#.##.# #......#<...♣.._..♣###
#.#### ########.#..♣.....♣
#..# #.# #.....♣♣♣♣♣♣♣ #..##
##.## ##..#........# ##...#
#...# #..##........#


You could see 2 ogres and a goblin.

Vanquished Creatures
  A sky beast (D:3)
  A hound (D:3)
  2 adders
  A worm (D:2)
  A dart slug (D:2)
  7 bats
  4 endoplasms
  2 giant cockroaches
  6 goblins
  3 hobgoblins
  8 kobolds
  4 quokkas
  6 ball pythons
  2 frilled lizards
  5 rats
53 creatures vanquished.

Vanquished Creatures (others)
  A fungus (D:1)
  2 plants (D:1)
3 creatures vanquished.

Grand Total: 56 creatures vanquished

Notes
Turn   | Place    | Note
-------+----------+-------------------------------------------
     0 | D:1      | Sanktem7 the Gnoll Ice Elementalist began the quest for the
                  | Orb.
     0 | D:1      | Reached XP level 1. HP: 13/13 MP: 6/6
   228 | D:1      | Found a faded altar of an unknown god.
   337 | D:1      | Reached XP level 2. HP: 19/19 MP: 5/7
   724 | D:1      | Reached XP level 3. HP: 25/25 MP: 6/9
   796 | D:1      | Reached skill level 5 in Spellcasting
  1513 | D:2      | Reached skill level 1 in Invocations
  1615 | D:2      | Reached skill level 1 in Fighting
  1615 | D:2      | Reached skill level 1 in Short Blades
  1615 | D:2      | Reached skill level 1 in Long Blades
  1615 | D:2      | Reached skill level 1 in Axes
  1615 | D:2      | Reached skill level 1 in Maces & Flails
  1615 | D:2      | Reached skill level 1 in Polearms
  1615 | D:2      | Reached skill level 1 in Staves
  1615 | D:2      | Reached skill level 1 in Slings
  1615 | D:2      | Reached skill level 1 in Bows
  1615 | D:2      | Reached skill level 1 in Crossbows
  1615 | D:2      | Reached skill level 1 in Throwing
  1615 | D:2      | Reached skill level 1 in Armour
  1615 | D:2      | Reached skill level 1 in Shields
  1615 | D:2      | Reached skill level 1 in Unarmed Combat
  1615 | D:2      | Reached skill level 1 in Evocations
  1767 | D:2      | Reached XP level 4. HP: 32/32 MP: 8/11
  2199 | D:3      | Reached skill level 1 in Conjurations
  2199 | D:3      | Reached skill level 1 in Hexes
  2199 | D:3      | Reached skill level 1 in Summonings
  2199 | D:3      | Reached skill level 1 in Necromancy
  2199 | D:3      | Reached skill level 1 in Translocations
  2199 | D:3      | Reached skill level 1 in Transmutations
  2199 | D:3      | Reached skill level 1 in Fire Magic
  2199 | D:3      | Reached skill level 1 in Air Magic
  2199 | D:3      | Reached skill level 1 in Earth Magic
  2199 | D:3      | Reached skill level 1 in Poison Magic
  2274 | D:3      | Found Iqavvah's Armour Shoppe.
  2440 | D:3      | Found a glowing golden altar of the Shining One.
  2536 | D:3      | Noticed a sky beast
  2554 | D:3      | Killed a sky beast
  2555 | D:3      | Reached XP level 5. HP: 3/37 MP: 8/12
  3297 | D:4      | Noticed an ogre
  3297 | D:4      | Noticed an ogre
  3543 | D:3      | Slain by an ogre

Illustrated notes

Levels and vault maps discovered:
D:1:      dpeg_arrival_round_c, layout_loops_ring,
          shapermc_ecumenical_altar_mp_urbaneastern, st_stairs_5, minivault_11,
          minmay_distorted
D:2:      minmay_door_path, layout_basic
D:3:      layout_basic, mainiacjoe_overflow_alcove_1, serial_shops, shop,
          serial_curves, eino_curves_01, eino_curves_03, eino_curves_04
D:4:      layout_loops_ring, gammafunk_ghost_mausoleum, corexii_checkpoint_a,
          minmay_lizard_king

Skill      XL: |  1  2  3  4 |
---------------+-------------+-----
Spellcasting   | 5 |  5.2
Invocations    | 1 |  1.8
Fighting       | 1 |  1.6
Short Blades   | 1 |  1.6
Long Blades    | 1 |  1.6
Axes           | 1 |  1.6
Maces & Flails | 1 |  1.6
Polearms       | 1 |  1.6
Staves         | 1 |  1.6
Slings         | 1 |  1.6
Bows           | 1 |  1.6
Crossbows      | 1 |  1.6
Throwing       | 1 |  1.6
Armour         | 1 |  1.6
Shields        | 1 |  1.6
Unarmed Combat | 1 |  1.6
Evocations     | 1 |  1.6
Conjurations   | 1 |  1.3
Hexes          | 1 |  1.3
Summonings     | 1 |  1.3
Necromancy     | 1 |  1.3
Translocations | 1 |  1.3
Transmutations | 1 |  1.3
Fire Magic     | 1 |  1.3
Air Magic      | 1 |  1.3
Earth Magic    | 1 |  1.3
Poison Magic   | 1 |  1.3
Dodging        | |  4.8
Stealth        | |  4.4
Ice Magic      | |  7.2

Action                   |  1- 3 |  4- 6 || total
-------------------------+-------+-------++-------
Melee: Unarmed           |     5 |       ||     5
       Bite              |     1 |     1 ||     2
       Staff             |     3 |     8 ||    11
 Cast: Freeze            |    56 |    26 ||    82
Armor: Robe              |    14 |     5 ||    19
Dodge: Dodged            |    35 |    27 ||    62
